 Dungeon Crawl Stone Soup version 0.30-a0-989-g0d87f670db (webtiles) character file.

Game seed: 5664013972726517096

1266 workacc the Trooper (level 8, -21/60 HPs)
             Began as a Demonspawn Gladiator on Apr 3, 2023.
             Was a Follower of Hepliaklqana.
             Demolished by an ogre
             ... wielding a +0 giant club
              (29 damage)
             ... on level 5 of the Dungeon.
             The game lasted 00:07:40 (3635 turns).

workacc the Trooper (Demonspawn Gladiator)          Turns: 3635, Time: 00:07:40

Health: -21/60     AC:  6    Str: 16    XL:     8   Next: 27%
Magic:  8/8        EV: 12    Int: 10    God:    Hepliaklqana [*.....]
Gold:   369        SH:  0    Dex: 15    Spells: 7/7 levels left

rFire   . . .      SeeInvis .    h - +1 hand axe (elec)
rCold   . . .      Faith    .    (no shield)
rNeg    . . .      Spirit   .    b - +0 leather armour
rPois   .          Reflect  .    (helmet restricted)
rElec   .          Rampage  .    i - +0 cloak
rCorr   .                        L - +0 pair of gloves
Will    .....                    s - +0 pair of boots
Stlth   +                        (no amulet)
HPRegen 0.30/turn                g - ring of flight
MPRegen 0.11/turn                (no ring)

@: flying
A: reduced essence, horns 1, ignite blood 1, spiny 1, demonic touch 1
a: Renounce Religion, Recall Ancestor, Ancestor Identity


You were on level 5 of the Dungeon.
You worshipped Hepliaklqana.
Hepliaklqana was aware of your devotion.
You visited 1 branch of the dungeon, and saw 5 of its levels.
You also visited: Sewer.

You collected 369 gold pieces.

Inventory:

Hand Weapons
 a - a +0 trident
 h - a +1 hand axe of electrocution (weapon)
Missiles
 d - 3 throwing nets (quivered)
 e - 6 javelins
Armour
 b - a +0 leather armour (worn)
 f - a +0 plate armour
 i - a +0 cloak (worn)
 s - a +0 pair of boots (worn)
 F - a scarf of repulsion
 L - a +0 pair of gloves (worn)
Jewellery
 g - a ring of flight (left hand)
 A - a ring of magical power
Wands
 x - a wand of roots (9)
 y - a wand of flame (27)
 E - a wand of digging (5)
 K - a wand of paralysis (10)
Scrolls
 l - 3 scrolls of amnesia {unknown}
 m - 4 scrolls of identify {unknown}
 p - 2 scrolls of poison {unknown}
 v - a scroll of brand weapon {unknown}
 w - a scroll of vulnerability {unknown}
 C - a scroll of enchant weapon {unknown}
 D - 2 scrolls of noise {unknown}
 G - a scroll of enchant armour {unknown}
 H - 3 scrolls of teleportation {unknown}
 I - 3 scrolls of fear {unknown}
 J - a scroll of magic mapping {unknown}
Potions
 c - 3 potions of invisibility {unknown}
 j - 7 potions of curing {unknown}
 k - a potion of haste {unknown}
 n - a potion of heal wounds {unknown}
 o - a potion of attraction {unknown}
 q - 2 potions of might
 r - a potion of resistance {unknown}
 t - a potion of ambrosia {unknown}
 u - a potion of berserk rage {unknown}
 z - a potion of lignification {unknown}
 B - 2 potions of mutation {unknown}


   Skills:
 + Level 7.3 Fighting
 + Level 6.3(6.6) Axes
 - Level 2.6(4.9) Polearms
 - Level 1.7 Throwing
 - Level 2.6 Dodging


You had 7 spell levels left.
You didn't know any spells.
Your spell library contained the following spells:

 Spells                   Type           Power      Damage    Failure   Level
 Apportation              Tloc           0%         N/A       43%         1
 Necrotise                Necr           0%         1d4       43%         1
 Sandblast                Erth           0%         2d4       43%         1
 Summon Small Mammal      Summ           0%         N/A       43%         1
 Passwall                 Tmut/Erth      0%         N/A       56%         2
 Static Discharge         Conj/Air       0%         2-2/arc   56%         2
 Stone Arrow              Conj/Erth      0%         3d7       80%         3
 Vhi's Electric Charge    Tloc/Air       0%         N/A       80%         3
 Arcjolt                  Conj/Air       0%         1d10      100%        5
 Plasma Beam              Fire/Air       0%         2x1d7     100%        5


Dungeon Overview and Level Annotations

Branches:
Dungeon (5/15)              Sewer (visited)
 Temple: D:4-7

Altars:
Hepliaklqana
Qazlal
Ru
Vehumet
Yredelemnul

Shops:
D:1 :   D:4 ((::[


Innate Abilities, Weirdness & Mutations

Your life essence is reduced to manifest your ancestor. (-10% HP)
You have a pair of small horns on your head.
Your demonic aura sometimes causes spilled blood to erupt in flames.
You are partially covered in sharp spines.
Your touch may inflict minor irresistible damage on your foes.


Message History

The iguana is struck by your spines. The iguana bites you!
* * * LOW HITPOINT WARNING * * *
The iguana attacks as you move away! The iguana closely misses you.
You closely miss the iguana. Your touch misses the iguana.
The iguana is lightly wounded.
The iguana is struck by your spines.
The iguana bites you but does no damage.
You hit the iguana but do no damage.
You headbutt the iguana, but do no damage.
The iguana is heavily wounded.
You hit the ogre. The ogre hits you with a +0 giant club!
* * * LOW HITPOINT WARNING * * *
The iguana closely misses you.
You hit the ogre.
The ogre is lightly wounded.
You hit the iguana but do no damage. The iguana barely misses you.
The ogre misses you.
Xochitl hits the ogre.
The iguana is struck by your spines. The iguana barely misses you.
The iguana attacks as you move away! The iguana is struck by your spines.
The iguana bites you but does no damage.
Xochitl hits the ogre.
Xochitl hits the ogre.
The ogre hits Xochitl with a +0 giant club!!
Xochitl is destroyed!
The ogre shouts!
The iguana attacks as you move away!
The iguana bites you but does no damage.
You hit the iguana but do no damage.
The iguana is severely wounded.
The iguana misses you.
You hit the iguana but do no damage.
The iguana is severely wounded.
The iguana bites you.
* * * LOW HITPOINT WARNING * * *
You hit the iguana but do no damage.
You touch the iguana!
You kill the iguana!
The ogre attacks as you move away! The ogre is struck by your spines.
The ogre hits you with a +0 giant club!!
You die...

#..# #...O#)R.....#...###
##'###..#..##.###........
##...##....# #.# #.##..###
##.....##.#.# #.# #.##..###
##.#...#.###.# #.# #........
##[8.8.8.8.##.. ..###...###.#
#...........#.# ###E#...#E# #
+...........+..######...###.#
#...........#..@O............
#
##.8.8.8.8.##.###....._.....#
##.#...#.###.# ##..........#
. ##.....##.#.#######...###.#
.. ##...##..#.....#E#...#E#.#
#.. ##'##......######...###
#..##..###......##########.
#....## #..##......... ..
####.# #..##..###### #.## .


You could see an ogre.

Vanquished Creatures
  Sigmund (D:4)
  4 ogres
  A phantom (D:5)
  2 bullfrogs (Sewer)
  2 scorpions
  A hound (D:4)
  An orc priest (D:5)
  An iguana (D:5)
  2 sleepcaps
  Natasha (D:3)
  Ijyb (D:4)
  12 adders
  2 river rats (Sewer)
  3 worms
  2 dart slugs (D:4)
  5 orcs
  12 ball pythons
  5 bats
  6 endoplasms
  A giant cockroach (D:4)
  3 goblins
  5 hobgoblins
  2 jackals (D:3)
  3 kobolds
  5 quokkas
  A frilled lizard (D:1)
  21 rats
105 creatures vanquished.

Vanquished Creatures (collateral kills)
  An orc wizard (D:5)
  An adder (Sewer)
  A ball python (Sewer)
  An endoplasm (Sewer)
  A frilled lizard (Sewer)
  5 rats (Sewer)
10 creatures vanquished.

Vanquished Creatures (others)
  An ancestor (D:5)
  8 plants
9 creatures vanquished.

Grand Total: 124 creatures vanquished

Notes
Turn   | Place    | Note
-------+----------+-------------------------------------------
     0 | D:1      | workacc the Demonspawn Gladiator began the quest for the
                  | Orb.
     0 | D:1      | Reached XP level 1. HP: 16/16 MP: 1/1
    25 | D:1      | You are sucked into a shaft and drop 1 floor!
    66 | D:2      | Reached skill level 1 in Axes
    66 | D:2      | Discovered your monstrous ancestry.
    66 | D:2      | Gained mutation: You have a pair of small horns on your
                  | head. [demonic ancestry]
    66 | D:2      | Reached XP level 2. HP: 23/23 MP: 2/2
   201 | D:1      | Found Zibur's Book Shop.
   707 | D:2      | Found a radiant altar of Vehumet.
   723 | D:2      | Gained mutation: Your touch may inflict minor irresistible
                  | damage on your foes. [demonic ancestry]
   723 | D:2      | Reached XP level 3. HP: 23/28 MP: 3/3
   848 | D:2      | Reached skill level 3 in Fighting
   858 | D:2      | Found a faded altar of an unknown god.
  1370 | D:3      | Reached XP level 4. HP: 35/35 MP: 4/4
  1498 | D:3      | Noticed Natasha
  1505 | D:3      | Killed Natasha
  1667 | D:3      | Found a hazy altar of Hepliaklqana.
  1672 | D:3      | Became a worshipper of Hepliaklqana the Forgotten
  1812 | D:4      | Noticed Ijyb
  1812 | D:4      | Found Zeijasu's Weapon Shop.
  1816 | D:4      | Killed Ijyb
  1908 | D:4      | Reached skill level 4 in Fighting
  1908 | D:4      | Reached XP level 5. HP: 17/42 MP: 5/5
  2051 | D:4      | Found Hivebo's Armour Boutique.
  2087 | D:4      | Found Peimazee's Book Shop.
  2125 | D:4      | Noticed Sigmund
  2185 | D:4      | Killed Sigmund
  2186 | D:4      | Gained mutation: You are partially covered in sharp spines.
                  | [demonic ancestry]
  2186 | D:4      | Reached XP level 6. HP: 50/50 MP: 6/6
  2197 | D:4      | Reached skill level 5 in Fighting
  2353 | D:4      | Found a basalt altar of Yredelemnul.
  2555 | D:4      | Found a radiant altar of Vehumet.
  2620 | D:4      | Found Xafox's Book Emporium.
  2820 | D:4      | Reached XP level 7. HP: 48/57 MP: 7/7
  2886 | D:4      | Found Goluveunk's Weapon Shop.
  3049 | D:5      | Entered Level 5 of the Dungeon
  3055 | D:5      | Found a sacrificial altar of Ru.
  3059 | D:5      | Reached skill level 5 in Axes
  3061 | D:5      | Reached skill level 6 in Fighting
  3191 | D:5      | Found a glowing drain.
  3202 | Sewer    | Entered a sewer
  3238 | Sewer    | Reached * piety under Hepliaklqana
  3410 | Sewer    | Gained mutation: Your demonic aura sometimes causes spilled
                  | blood to erupt in flames. [demonic ancestry]
  3410 | Sewer    | Reached XP level 8. HP: 58/58 MP: 8/8
  3475 | D:5      | Reached skill level 7 in Fighting
  3614 | D:5      | Found a stormy altar of Qazlal.
  3615 | D:5      | Noticed an air elemental
  3635 | D:5      | Demolished by an ogre

Illustrated notes

Levels and vault maps discovered:
D:1:      psy_arrival_radial01, layout_rooms, serial_shops,
          nicolae_shop_crystal, dreamdust_princess_bridge
D:2:      layout_basic, shapermc_ecumenical_altar_mp_ritualfount, basic_altar
D:3:      layout_loops_cross, worldfamousw_hep_ancestral_shrine, uniq_natasha
D:4:      layout_basic, vehumet_altar_wand_db, lemuel_crystal_altar,
          serial_shops, shop, nicolae_shop_hallway_stairs, shop, shop, shop,
          serial_bayou, serial_bayou_pond_d, serial_bayou_pond_a,
          serial_bayou_pond_c, serial_bayou_pond_e, dreamdust_mushroom_princess,
          uniq_sigmund, uniq_ijyb
D:5:      layout_loops_ring, nicolae_qazlal_style_of_elements,
          nicolae_ru_awakened_eye, cheibrodos_sewer_entry_drain,
          dk_noncrumbling_3, hex_tiny, minmay_divided_ellipse

Skill      XL: |  1  2  3  4  5  6  7  8 |
---------------+-------------------------+-----
Axes           | 1 2 3 4 5 6 |  6.3
Fighting       | 3 4 5 6 7 |  7.3
Polearms       | |  2.6
Throwing       | |  1.7
Dodging        | |  2.6

Action                     |  1- 3 |  4- 6 |  7- 9 || total
---------------------------+-------+-------+-------++-------
  Melee: Hand axe          |    60 |    55 |    78 ||   193
         Headbutt          |     7 |    17 |    13 ||    37
         Touch             |     4 |    10 |    11 ||    25
         Punch             |       |     2 |     1 ||     3
   Stab: Sleeping          |       |     2 |     1 ||     3
 Armour: Leather armour    |    13 |     9 |    17 ||    39
  Dodge: Dodged            |    35 |    32 |    35 ||   102

Table legend: (Time is in decaauts)
 A = Elapsed time spent in this place.
 B = Non-inter-level travel time spent in this place.
 C = Inter-level travel time spent in this place.
 D = Time resting spent in this place.
 E = Time spent auto-exploring this place.
 F = Levels seen in this place.
 G = Mean time per level.
                   A        B        C        D        E       F      G
               +--------+--------+--------+--------+--------+-----+--------+
         Total |   3649 |   3582 |     67 |    235 |   2543 |   6 |  608.2 |
       Dungeon |   3423 |   3356 |     67 |    235 |   2416 |   5 |  684.6 |
         Sewer |    225 |    225 |      0 |      0 |    127 |   1 |  225.0 |
               +--------+--------+--------+--------+--------+-----+--------+

Top non-repeatable levels by time:
     D:4: 1240 daAuts
     D:3: 665 daAuts
     D:2: 624 daAuts
     D:1: 533 daAuts
     D:5: 359 daAuts
   Sewer: 225 daAuts
